 Dungeon Crawl Stone Soup version 0.22.1-2-g9c5b331383 (webtiles) character file.

453 RUZZLEFAZAZZLE the Charmwright (level 7, -1/56 HPs)
             Began as a Gnoll Skald on Dec 2, 2018.
             Killed by divine providence
             ... invoked by an orc priest
              (12 damage)
             ... on level 3 of the Dungeon on Dec 9, 2018.
             The game lasted 00:16:57 (2687 turns).

RUZZLEFAZAZZLE the Charmwright (Gnoll Skald)        Turns: 2687, Time: 00:16:58

Health: -1/56      AC:  6    Str: 16    XL:     7   Next: 5%
Magic:  15/15      EV: 13    Int: 15    God:
Gold:   139        SH:  0    Dex: 14    Spells: 12/16 levels left

rFire    + . .     SeeInvis .   o - +4 quarterstaff (chaos)
rCold    x . .     Gourm    .   (shield currently unavailable)
rNeg     . . .     Faith    .   c - +0 ring mail (curse)
rPois    .         Spirit   .   (no helmet)
rElec    .         Reflect  .   p - +0 cloak
rCorr    .         Harm     .   (no gloves)
MR       .....                  (no boots)
Stlth    ++........             (no amulet)
HPRegen  0.18/turn              e - ring of fire
MPRegen  0.14/turn              g - ring of stealth

@: no status effects
A: distributed training, fangs 1, strong nose
a: no special abilities


You were on level 3 of the Dungeon.
You were not hungry.

You visited 1 branch of the dungeon, and saw 6 of its levels.

You collected 139 gold pieces.

Inventory:

Hand Weapons
 a - a +0 spear
 f - a +0 short sword
 h - a +4 rapier
 o - a +4 quarterstaff of chaos (weapon)
Armour
 b - a +0 leather armour
 c - a cursed +0 ring mail (worn)
 p - a +0 cloak (worn)
Jewellery
 e - a ring of fire (left hand)
 g - a ring of stealth (right hand)
Wands
 n - a wand of polymorph (8)
 s - a wand of iceblast (4)
Scrolls
 k - a scroll of enchant weapon
 m - a scroll of teleportation
 q - a scroll of remove curse {unknown}
 r - 2 scrolls of immolation {unknown}
 t - a scroll of enchant armour {unknown}
Potions
 i - 2 potions of curing
 l - a potion of resistance {unknown}
Comestibles
 d - a ration
 j - 4 chunks of flesh


   Skills:
 + Level 5.1 Fighting
 + Level 2.2 Short Blades
 + Level 2.2 Long Blades
 + Level 2.2 Axes
 + Level 2.2 Maces & Flails
 + Level 5.1 Polearms
 + Level 2.2 Staves
 + Level 2.2 Slings
 + Level 2.2 Bows
 + Level 2.2 Crossbows
 + Level 2.2 Throwing
 + Level 3.4 Armour
 + Level 5.1 Dodging
 + Level 2.2 Stealth
 + Level 2.2 Shields
 + Level 2.2 Unarmed Combat
 + Level 5.4 Spellcasting
 + Level 1.7 Conjurations
 + Level 1.7 Hexes
 + Level 5.7 Charms
 + Level 1.7 Summonings
 + Level 1.7 Necromancy
 + Level 1.7 Translocations
 + Level 1.7 Transmutations
 + Level 1.7 Fire Magic
 + Level 1.7 Ice Magic
 + Level 1.7 Air Magic
 + Level 1.7 Earth Magic
 + Level 1.7 Poison Magic
 + Level 2.4 Invocations
 + Level 2.2 Evocations


You had 12 spell levels left.
You knew the following spells:

 Your Spells              Type           Power        Failure   Level  Hunger
a - Infusion              Chrm           ###.         2%          1    None
b - Regeneration          Chrm/Necr      ###.......   19%         3    ###....

Your spell library contained the following spells:

 Spells                   Type           Power        Failure   Level  Hunger
 Song of Slaying          Chrm           ###.....     4%          2    #......
 Shroud of Golubria       Chrm/Tloc      ###.......   10%         2    #......
 Summon Small Mammal      Summ           #...         14%         1    None
 Spectral Weapon          Hex/Chrm       ###.....     19%         3    ###....
 Call Imp                 Summ           #.......     22%         2    #......
 Call Canine Familiar     Summ           #.......     38%         3    ###....
 Summon Guardian Golem    Hex/Summ       #.......     38%         3    ###....
 Summon Ice Beast         Ice/Summ       #.......     80%         4    ####...
 Summon Lightning Spire   Summ/Air       #.......     80%         4    ####...


Dungeon Overview and Level Annotations

Branches:
Dungeon (6/15)
 Temple: D:4-7

Altars:


Innate Abilities, Weirdness & Mutations

Your experience applies equally to all skills.
You have very sharp teeth.
Your uncanny sense of smell can sniff out nearby items.


Message History

The orc barely misses you.
You completely miss the orc.
The orc is almost dead.
The orc priest calls down the wrath of Beogh upon you.
Beogh smites you! The orc closely misses you.
You are too injured to fight recklessly!
You are too injured to fight recklessly!
Unknown command.
You hit the orc priest.
The wind howls around the orc priest!
The orc priest is lightly wounded.
The orc priest hits you but does no damage.
You hit the orc priest.
The orc priest is heavily wounded.
The orc priest mumbles some strange prayers to Beogh against you.
Beogh smites you!
* * * LOW HITPOINT WARNING * * *
The orc closely misses you.
The orc priest calls down the wrath of Beogh upon you.
Beogh smites you!
You die...

####..#
#.....#
###.###
######.####
#.........#
#.........#
.##.........#
............#
###...)@....#
#....[oo......
#.#........###
#..........#
##.........# #
#####...###
###.#####
#...#
#........
#...#
#.#.##..#
#.....)..


You could see an orc priest and an orc.

Vanquished Creatures
  Eustachio (D:4)
  A bullfrog zombie (D:5)
  2 hounds (D:4)
  Crazy Yiuf (D:2)
  Terence (D:2)
  Robin (D:2)
  3 gnolls (D:4)
  3 adders
  An ooze (D:2)
  A worm (D:2)
  3 dart slugs (D:1)
  A leopard gecko (D:2)
  4 orcs
  2 ball pythons
  6 bats
  A giant cockroach (D:2)
  14 goblins
  5 hobgoblins (D:2)
  10 jackals
  5 kobolds
  3 quokkas
  8 frilled lizards
  A jackal skeleton (D:4)
  5 rats
83 creatures vanquished.

Notes
Turn   | Place    | Note
-------+----------+-------------------------------------------
     0 | D:1      | RUZZLEFAZAZZLE the Gnoll Skald began the quest for the Orb.
     0 | D:1      | Reached XP level 1. HP: 20/20 MP: 6/6
   177 | D:1      | Reached XP level 2. HP: 26/26 MP: 7/7
   663 | D:1      | Reached XP level 3. HP: 31/31 MP: 9/9
   691 | D:1      | Learned a level 3 spell: Regeneration
   790 | D:1      | Reached skill level 5 in Spellcasting
  1230 | D:2      | Reached skill level 1 in Invocations
  1255 | D:2      | Noticed Terence
  1259 | D:2      | Noticed Robin
  1263 | D:2      | Killed Terence
  1263 | D:2      | Reached skill level 1 in Short Blades
  1263 | D:2      | Reached skill level 1 in Long Blades
  1263 | D:2      | Reached skill level 1 in Axes
  1263 | D:2      | Reached skill level 1 in Maces & Flails
  1263 | D:2      | Reached skill level 1 in Staves
  1263 | D:2      | Reached skill level 1 in Slings
  1263 | D:2      | Reached skill level 1 in Bows
  1263 | D:2      | Reached skill level 1 in Crossbows
  1263 | D:2      | Reached skill level 1 in Throwing
  1263 | D:2      | Reached skill level 1 in Stealth
  1263 | D:2      | Reached skill level 1 in Shields
  1263 | D:2      | Reached skill level 1 in Unarmed Combat
  1263 | D:2      | Reached skill level 1 in Evocations
  1263 | D:2      | Reached XP level 4. HP: 21/38 MP: 7/11
  1479 | D:2      | Reached skill level 1 in Conjurations
  1479 | D:2      | Reached skill level 1 in Hexes
  1479 | D:2      | Reached skill level 1 in Summonings
  1479 | D:2      | Reached skill level 1 in Necromancy
  1479 | D:2      | Reached skill level 1 in Translocations
  1479 | D:2      | Reached skill level 1 in Transmutations
  1479 | D:2      | Reached skill level 1 in Fire Magic
  1479 | D:2      | Reached skill level 1 in Ice Magic
  1479 | D:2      | Reached skill level 1 in Air Magic
  1479 | D:2      | Reached skill level 1 in Earth Magic
  1479 | D:2      | Reached skill level 1 in Poison Magic
  1492 | D:2      | Killed Robin
  1579 | D:2      | Reached XP level 5. HP: 27/43 MP: 12/12
  1682 | D:2      | Found a runed door.
  1722 | D:2      | Noticed Crazy Yiuf
  1731 | D:2      | Killed Crazy Yiuf
  1983 | D:3      | You fall through a shaft for 3 floors!
  2123 | D:5      | Entered Level 5 of the Dungeon
  2196 | D:4      | Reached XP level 6. HP: 39/50 MP: 13/13
  2216 | D:4      | Noticed Eustachio
  2495 | D:4      | Killed Eustachio
  2495 | D:4      | Reached skill level 5 in Fighting
  2495 | D:4      | Reached skill level 5 in Polearms
  2495 | D:4      | Reached skill level 5 in Dodging
  2502 | D:4      | Reached XP level 7. HP: 29/56 MP: 15/15
  2687 | D:3      | Killed from afar by an orc priest

Skill      XL: |  1  2  3  4  5  6 |
---------------+-------------------+-----
Spellcasting   | 5 |  5.4
Invocations    | 1 2 |  2.4
Short Blades   | 1 2 |  2.2
Long Blades    | 1 2 |  2.2
Axes           | 1 2 |  2.2
Maces & Flails | 1 2 |  2.2
Staves         | 1 2 |  2.2
Slings         | 1 2 |  2.2
Bows           | 1 2 |  2.2
Crossbows      | 1 2 |  2.2
Throwing       | 1 2 |  2.2
Stealth        | 1 2 |  2.2
Shields        | 1 2 |  2.2
Unarmed Combat | 1 2 |  2.2
Evocations     | 1 2 |  2.2
Conjurations   | 1 |  1.7
Hexes          | 1 |  1.7
Summonings     | 1 |  1.7
Necromancy     | 1 |  1.7
Translocations | 1 |  1.7
Transmutations | 1 |  1.7
Fire Magic     | 1 |  1.7
Ice Magic      | 1 |  1.7
Air Magic      | 1 |  1.7
Earth Magic    | 1 |  1.7
Poison Magic   | 1 |  1.7
Armour         | 3 |  3.4
Fighting       | 5 |  5.1
Polearms       | 5 |  5.1
Dodging        | 5 |  5.1
Charms         | |  5.7

Action                   |  1- 3 |  4- 6 |  7- 9 || total
-------------------------+-------+-------+-------++-------
Melee: Spear             |   111 |    80 |       ||   191
       Bite              |     5 |    14 |     1 ||    20
       Quarterstaff      |       |    60 |    10 ||    70
 Cast: Infusion          |     3 |       |       ||     3
  Use: Scroll            |     7 |       |       ||     7
       Potion            |     1 |     1 |       ||     2
 Stab: Sleeping          |     2 |     8 |       ||    10
       Petrifying        |       |     1 |       ||     1
       Paralysed         |       |     1 |       ||     1
  Eat: Chunk             |     1 |     2 |       ||     3
       Ration            |       |     1 |       ||     1
Armor: Leather armour    |    13 |       |       ||    13
       Ring mail         |     5 |    34 |     3 ||    42
Dodge: Dodged            |    80 |   117 |     8 ||   205
